 Dungeon Crawl Stone Soup version 0.15-a0-1387-gd422dff (webtiles) character file.

554 PolkaDot the Covert (level 7, -3/49 HPs)
             Began as a Vampire Assassin on June 10, 2014.
             Was an Initiate of Qazlal.
             Slain by an orc
             ... wielding a +0,+1 falchion
              (7 damage)
             ... on Level 5 of the Dungeon.
             The game lasted 00:13:51 (2518 turns).

PolkaDot the Covert (Vampire Assassin)              Turns: 2518, Time: 00:13:51

HP  -3/49        AC  5     Str 10      XL: 7   Next:  8%
MP   7/7         EV 14     Int 16      God: Qazlal [......]
Gold 211         SH  0     Dex 17      Spells:  0 memorised,  6 levels left

rFire  . . .     SeeInvis +     b - +2,+0 cutlass
rCold  + . .     Clarity  .     w - +2 robe {rC+}
rNeg   . . .     rCorr    .     (no shield)
rPois  .         rRot     .     (no helmet)
rElec  .         Spirit   .     d - +0 cloak
SustAb .         Warding  .     (no gloves)
rMut   .         Stasis   .     (no boots)
Gourm  .                        (no amulet)
MR     .....                    (no ring)
                                r - +3 ring of intelligence

@: very slightly contaminated, regenerating quickly, invisible, not resistant to
hostile enchantments, quite stealthy
A: bottle blood, fangs 3, see invisible, unbreathing
a: Bottle Blood, Renounce Religion


You were on level 5 of the Dungeon.
You worshipped Qazlal.
Qazlal was noncommittal.
You were very full.

You visited 1 branch of the dungeon, and saw 5 of its levels.

You collected 211 gold pieces.

Inventory:

Hand weapons
 b - a +2,+0 cutlass (weapon)
 v - a +0 blowgun
Missiles
 e - 13 poisoned needles
 f - 2 curare-tipped needles
Armour
 d - a +0 cloak (worn)
 n - a +0 buckler
 w - a +2 robe of cold resistance (worn)
Scrolls
 g - 2 scrolls of recharging
 j - a scroll of enchant armour
 k - a scroll of blinking
 l - a scroll of fog
 q - 2 scrolls of fear
 t - 3 scrolls of remove curse
 u - a scroll of immolation
 x - a scroll of teleportation {unknown}
Jewellery
 r - a +3 ring of intelligence (left hand)
Potions
 a - a potion of cure mutation {unknown}
 c - 2 potions of lignification
 o - a potion of flight
 s - a potion of curing


   Skills:
 + Level 1.9 Fighting
 * Level 6.6 Short Blades
 - Level 1.5 Throwing
 + Level 3.2 Dodging
 - Level 8.3 Stealth


You had 6 spell levels left.
You didn't know any spells.

Dungeon Overview and Level Annotations

Branches:
Dungeon (5/15)
 Temple: D:4-7

Altars:
Qazlal


Innate Abilities, Weirdness & Mutations

Your natural rate of healing is unusually fast.
You can bottle blood from corpses.
You have razor-sharp teeth.*
You have supernaturally acute eyesight.
You can survive without breathing.*


Message History

The orc priest is moderately wounded.
The orc hits you but does no damage. The orc wizard casts a spell at you.
The puff of flame hits you! The orc priest barely misses you.
Drink which item? (? for menu, Esc to quit)
You fade into invisibility!
The orc barely misses you. The orc wizard casts a spell at you.
The magic dart hits you!
* * * LOW HITPOINT WARNING * * *
The orc priest invokes the aid of Beogh against you.
Pain shoots through your body!
* * * LOW HITPOINT WARNING * * *
You are very lightly contaminated with residual magic.
You strike the helpless orc priest from behind!
You slice the orc priest!!
You kill the orc priest!
Qazlal accepts your kill. The orc hits you with a falchion!
You die...

##############
#.......<....#
#.##########.#########
#####..............
.......)##.#.>.#####
.......o@..........
##.#.#.o##.......##
#.... ........# ##...
#........ #...
..#..... .... (.#.Z..
..... ...... .... ...
. . .


You could see an orc wizard and an orc.

Vanquished Creatures
  Menkaure (D:4)
  A centaur (D:4)
  A scorpion (D:4)
  An orc priest (D:5)
  A gnoll shaman (D:4)
  An orc wizard (D:3)
  A worker ant (D:4)
  Jessica (D:3)
  4 adders
  5 gnolls (D:4)
  2 giant mites (D:4)
  2 worms
  An adder skeleton (D:3)
  An ooze (D:3)
  4 orcs
  A bat skeleton (D:4)
  2 giant cockroaches
  7 hobgoblins
  2 jackals (D:4)
  7 kobolds
  A quokka (D:2)
  2 ball pythons
  9 bats
  4 giant geckos
  10 giant newts
  6 goblins
  6 rats
84 creatures vanquished.

Notes
Turn   | Place    | Note
--------------------------------------------------------------
     0 | D:1      | PolkaDot, the Vampire Assassin, began the quest for the Orb.
     0 | D:1      | Reached XP level 1. HP: 16/16 MP: 1/1
    41 | D:1      | Reached skill level 6 in Stealth
   198 | D:1      | Reached XP level 2. HP: 22/22 MP: 2/2
   761 | D:2      | Reached XP level 3. HP: 27/27 MP: 3/3
   823 | D:2      | HP: 1/27 [poisoned by an adder]
  1370 | D:3      | Reached XP level 4. HP: 31/33 MP: 4/4
  1419 | D:3      | Reached skill level 7 in Stealth
  1628 | D:3      | Noticed Jessica
  1635 | D:3      | Killed Jessica
  1635 | D:3      | Reached XP level 5. HP: 38/38 MP: 5/5
  1737 | D:4      | Noticed a centaur
  1758 | D:4      | HP: 1/38 [centaur (1)]
  1763 | D:4      | Killed a centaur
  1763 | D:4      | Reached skill level 5 in Short Blades
  1838 | D:4      | Noticed Menkaure
  1841 | D:4      | Killed Menkaure
  1841 | D:4      | Reached skill level 8 in Stealth
  1841 | D:4      | Reached XP level 6. HP: 28/44 MP: 6/6
  2233 | D:4      | Found a stormy altar of Qazlal.
  2253 | D:4      | Became a worshipper of Qazlal Stormbringer
  2311 | D:4      | Reached XP level 7. HP: 49/49 MP: 7/7
  2495 | D:5      | Entered Level 5 of the Dungeon
  2518 | D:5      | Slain by an orc

Action                   |  1- 3 |  4- 6 |  7- 9 || total
-------------------------+-------+-------+-------++-------
Melee: Dagger            |   113 |   154 |       ||   267
       Cutlass           |       |     1 |    18 ||    19
  Use: Potion            |     2 |     1 |     1 ||     4
       Scroll            |     2 |    14 |       ||    16
 Stab: Sleeping          |    12 |    11 |     1 ||    24
       Distracted        |       |     3 |       ||     3
       Invisible         |       |     1 |     1 ||     2
